Map: Deathaura LE

Players

soul - Winner!

  • Race: Terran Terran
  • League: Grandmaster
  • Spawn Location: 11:00

uwuThermal (uThermal)

  • Race: Terran Terran
  • Spawn Location: 5:00

Event: DreamHack SC2 Masters 2020 Winter

VOD

Have the link to the VOD?

Description

Time

  • Played on: Oct. 23, 2020, 2 p.m.
  • Length: 20:30

All games in this series

Show
View Real Time Build Order
Export as new Build Order

soul Terran - Winner!

Build Orders: Reaper Expand 

Get SALT Encoding   

  12  0:00  SCV  
  13  0:12  SCV  
  14  0:17  Supply Depot  
  14  0:24  SCV  
  15  0:38  SCV  
  15  0:40  Barracks  
  15  0:42  Refinery  
  16  0:50  SCV  
  17  1:02  SCV  
  18  1:15  SCV  
  19  1:27  Orbital Command, Reaper  
  20  1:40  Command Center  
  20  1:50  Supply Depot  
  20  1:53  SCV  
  21  1:59  Marine  
  22  2:05  SCV  
  23  2:08  Factory  
  23  2:13  Refinery  
  23  2:18  Bunker  
  23  2:21  Barracks Reactor  
  23  2:25  SCV  
  25  2:37  SCV  
  25  2:49  SCV  
  26  2:52  Starport, Orbital Command, Hellion  
  26  2:57  Marine  
  26  2:58  Marine  
  29  3:04  Refinery  
  29  3:09  SCV  
  29  3:15  Marine  
  29  3:18  SCV  
  29  3:19  Marine  
  30  3:21  SCV  
  30  3:23  Factory Tech Lab  
  32  3:30  SCV  
  32  3:33  Marine, SCV  
  35  3:37  Marine  
  36  3:42  SCV, Siege Tank  
  36  3:45  SCV  
  41  3:49  Viking  
  41  3:53  Supply Depot  
  43  3:56  SCV  
  43  3:58  SCV  
  45  4:02  Supply Depot  
  45  4:08  SCV  
  46  4:14  Marine x2  
  46  4:15  SCV  
  49  4:20  SCV  
  50  4:24  Factory Tech Lab  
  50  4:27  Raven, SCV  
  53  4:36  Command Center  
  53  4:37  SCV  
  54  4:40  SCV  
  54  4:44  Supply Depot  
  55  4:47  Siege Tank  
  55  4:48  Marine  
  55  4:49  Marine  
  60  4:53  SCV  
  60  4:54  SCV  
  60  4:59  Supply Depot  
  62  5:05  SCV  
  62  5:06  SCV, Marine  
  65  5:07  Marine  
  65  5:10  Raven  
  65  5:11  Supply Depot  
  68  5:17  SCV  
  68  5:18  SCV  
  70  5:23  Barracks x2  
  70  5:26  Refinery  
  70  5:27  Siege Tank  
  72  5:30  SCV  
  72  5:34  Supply Depot  
  73  5:37  Marine x2  
  73  5:38  SCV  
  76  5:44  Engineering Bay  
  76  5:46  Engineering Bay  
  76  5:49  Orbital Command  
  78  6:01  Siege Tank  
  78  6:02  Viking  
  78  6:03  Viking  
  83  6:05  Stimpack  
  83  6:06  Marine  
  83  6:08  Orbital Command  
  84  6:15  SCV  
  84  6:16  Barracks Reactor x2  
  85  6:19  SCV, Terran Infantry Armor Level 1, Terran Infantry Weapons Level 1  
  85  6:24  Marine  
  87  6:27  Missile Turret  
  87  6:31  SCV  
  87  6:32  Viking  
  90  6:33  Viking  
  90  6:34  SCV x2  
  94  6:42  Marine  
  94  6:43  SCV  
  94  6:44  Siege Tank  
  94  6:46  SCV  
  100  6:47  Supply Depot  
  100  6:48  Supply Depot x2, SCV  
  101  6:55  Missile Turret, Marine  
  101  6:56  Marine x3  
  101  6:57  SCV  
  101  6:58  SCV  
  101  7:00  Marine, SCV  
  109  7:09  SCV, Viking x2  
  109  7:10  SCV  
  109  7:13  SCV  
  116  7:21  SCV, Marine  
  116  7:22  Missile Turret, SCV  
  118  7:23  Barracks  
  118  7:24  Barracks  
  118  7:25  SCV  
  118  7:27  Refinery, Sensor Tower  
  119  7:30  Refinery  
  119  7:33  SCV  
  119  7:34  SCV  
  119  7:37  Armory, SCV  
  122  7:39  Supply Depot  
  122  7:40  Supply Depot  
  122  7:44  Medivac x2  
  126  7:51  Siege Tank  
  126  7:52  Marine x4  
  133  8:01  Marine, SCV  
  133  8:02  SCV x2  
  137  8:06  Command Center  
  137  8:08  Combat Shield  
  137  8:09  Marine  
  137  8:11  Marine  
  137  8:12  Supply Depot  
  138  8:13  Barracks Reactor x2  
  138  8:22  SCV x2  
  138  8:23  Marine  
  138  8:26  Supply Depot, Marine  
  143  8:29  SCV  
  143  8:31  Medivac x2, Sensor Tower  
  143  8:32  Supply Depot  
  147  8:34  SCV  
  147  8:35  Terran Infantry Weapons Level 2  
  147  8:37  Terran Infantry Armor Level 2  
  147  8:38  Marine x2  
  147  8:39  Marine  
  151  8:41  Marine  
  151  8:44  Marine  
  151  8:46  Terran Vehicle Weapons Level 1  
  153  8:49  Supply Depot, SCV x2  
  155  8:56  Marine x2  
  155  8:57  SCV, Marine x4  
  155  9:00  Marine x2  
  155  9:01  SCV x2  
  155  9:02  Marine  
  167  9:04  Medivac x2  
  167  9:08  Factory  
  170  9:10  Supply Depot  
  170  9:13  Marine  
  170  9:14  Marine x2  
  170  9:15  Marine x2  
  175  9:18  Marine x3  
  175  9:19  Marine  
  179  9:24  Planetary Fortress  
  179  9:28  Refinery  
  179  9:31  Armory, Marine x2  
  179  9:32  SCV x3, Marine x2  
  179  9:33  Refinery  
  179  9:36  Marine, Bunker  
  189  9:38  Siege Tank  
  189  9:40  Marine  
  189  9:42  Viking x2  
  195  9:51  Command Center  
  195  9:54  Factory Tech Lab  
  195  9:58  Starport x2  
  195  10:01  Fusion Core  
  195  10:12  Missile Turret  
  195  10:13  Missile Turret x2  
  195  10:16  Command Center  
  192  10:33  Siege Tank x2  
  197  10:38  Starport Reactor x2  
  197  10:39  Terran Vehicle And Ship Armor Level 1, Command Center  
  197  10:41  Terran Ship Weapons Level 1  
  195  10:56  Advanced Ballistics  
  194  11:12  Command Center  
  194  11:13  Viking x2  
  194  11:15  Orbital Command  
  198  11:19  Viking  
  200  11:43  Viking  
  199  11:47  Viking  
  198  12:06  Sensor Tower  
  198  12:08  Viking  
  200  12:09  Command Center  
  200  12:10  Terran Infantry Armor Level 3, Terran Infantry Weapons Level 3  
  200  12:14  Starport  
  199  12:19  Missile Turret  
  196  12:24  Marine  
  196  12:25  Viking  
  196  12:27  Viking  
  199  12:36  Marine x2  
  199  12:39  Marine x3  
  200  12:45  Missile Turret x2  
  200  12:46  Missile Turret  
  200  12:50  Supply Depot  
  200  12:51  Missile Turret, Supply Depot  
  200  12:52  Engineering Bay  
  200  12:55  Marine  
  200  12:56  Marine  
  200  12:57  Marine x2  
  197  12:58  Marine  
  197  13:00  Marine x4  
  197  13:03  Siege Tank x2  
  166  13:13  Marine  
  166  13:14  Marine x2  
  166  13:15  Marine  
  166  13:16  Marine  
  166  13:17  Marine  
  166  13:18  Marine x2  
  177  13:21  Marine  
  162  13:31  Marine  
  162  13:32  Marine x2  
  162  13:33  Marine  
  165  13:34  Marine  
  165  13:35  Siege Tank, Marine x3  
  165  13:39  Marine  
  161  13:45  Missile Turret  
  161  13:46  Missile Turret  
  140  13:48  Siege Tank  
  140  13:49  Marine x2  
  140  13:50  Marine  
  140  13:51  Marine  
  140  13:52  Marine  
  140  13:53  Marine x3  
  138  13:57  Marine  
  128  14:07  Marine x2  
  126  14:12  Marine, Barracks  
  126  14:13  Barracks  
  126  14:15  Marine  
  126  14:16  Barracks  
  115  14:17  Barracks  
  115  14:23  Marine  
  108  14:24  Marine  
  108  14:29  Marine  
  107  14:36  Planetary Fortress  
  103  14:40  Marine  
  102  14:53  Marine x3  
  102  14:55  Orbital Command  
  102  14:58  Marine  
  104  15:08  Marine x4  
  104  15:11  Marine  
  104  15:26  Marine x4  
  88  15:43  Marine  
  88  15:44  Marine x3  
  88  16:01  Marine x4  
  85  16:19  Marine x3  
  67  16:37  Marine x3  
  67  16:39  Orbital Command  
  67  16:47  Marine x4  
  71  16:55  Marine x3  
  74  17:05  Marine x4  
  78  17:15  Marine  
  69  17:17  Marine x2  
  72  17:24  Marine  
  72  17:26  Marine  
  70  17:39  Marine  
  73  17:47  Orbital Command  
  71  17:56  Marine x2  
  73  17:59  Marine  
  74  18:09  Marine x2  
  74  18:12  Orbital Command  
  76  18:17  Marine  
  77  18:22  Marine  
  77  18:23  Marine  
  79  18:31  Marine  
  80  18:37  Marine  
  81  18:42  Marine x3  
  84  18:49  Marine  
  84  18:55  Marine  
  85  19:00  Marine  
  86  19:04  Marine  
  86  19:10  Marine  
  86  19:12  Marine  
  86  19:13  Marine  
  89  19:18  Marine  
  89  19:22  Marine  
  90  19:28  Marine  
  90  19:30  Marine  
  90  19:31  Marine  
  92  19:35  Marine  
  94  19:40  Marine  
  93  19:46  Marine  
  94  19:53  Marine  
  94  19:56  Marine x2  
  94  19:58  Marine  
  97  20:03  Marine  
  98  20:11  Marine  
Show
View Real Time Build Order
Export as new Build Order

uwuThermal Terran 

Build Orders:  

Get SALT Encoding   

  12  0:00  SCV  
  13  0:12  SCV  
  14  0:16  Supply Depot  
  14  0:24  SCV  
  15  0:38  SCV  
  15  0:39  Barracks  
  16  0:43  Refinery  
  16  0:50  SCV  
  16  0:52  Refinery  
  17  1:02  SCV  
  18  1:14  SCV  
  19  1:26  Reaper  
  19  1:27  Orbital Command  
  19  1:28  Supply Depot  
  20  1:43  Factory  
  20  1:52  SCV  
  21  1:59  Reaper  
  22  2:04  SCV  
  23  2:16  SCV  
  23  2:22  Command Center  
  24  2:29  Hellion  
  25  2:34  SCV, Barracks Reactor  
  26  2:41  Starport  
  26  2:46  SCV  
  27  2:51  Factory Tech Lab  
  27  2:57  Supply Depot  
  27  2:58  SCV  
  28  3:11  SCV  
  28  3:12  Marine x2  
  31  3:18  Cyclone  
  33  3:23  SCV  
  33  3:26  Starport Tech Lab  
  33  3:29  Marine  
  33  3:30  Marine  
  33  3:32  Refinery  
  35  3:35  Orbital Command  
  35  3:43  SCV  
  35  3:47  Marine x2  
  38  3:51  Widow Mine  
  38  3:55  SCV  
  41  3:59  Raven  
  41  4:01  SCV  
  44  4:05  Marine  
  44  4:06  Marine  
  44  4:07  SCV  
  47  4:12  Supply Depot  
  47  4:13  SCV  
  48  4:18  Siege Tank  
  48  4:19  SCV  
  52  4:25  SCV  
  53  4:31  SCV  
  53  4:37  SCV  
  55  4:43  Raven, SCV  
  58  4:46  Command Center  
  58  4:47  Supply Depot  
  58  4:49  SCV  
  58  4:52  Marine x2  
  59  4:56  SCV  
  59  4:57  Refinery  
  62  5:01  Supply Depot  
  62  5:08  SCV, Siege Tank  
  62  5:10  Marine x2  
  62  5:12  SCV  
  69  5:18  Supply Depot  
  69  5:20  SCV  
  70  5:24  SCV  
  70  5:28  Raven  
  73  5:29  Marine x2  
  73  5:33  SCV, Supply Depot  
  76  5:37  SCV  
  76  5:40  Siege Tank  
  80  5:45  SCV  
  80  5:47  Marine x2  
  83  5:54  Barracks  
  83  5:55  Barracks  
  83  5:56  SCV  
  85  5:57  SCV  
  85  6:08  SCV  
  85  6:09  SCV  
  87  6:13  Engineering Bay  
  87  6:14  Siege Tank, Engineering Bay  
  90  6:20  SCV  
  90  6:21  SCV  
  90  6:22  Orbital Command  
  92  6:26  Marine, Stimpack  
  92  6:29  Viking  
  92  6:32  SCV, Viking  
  98  6:34  SCV  
  98  6:39  Supply Depot  
  99  6:44  SCV  
  99  6:46  Siege Tank, Barracks Reactor x2  
  102  6:47  SCV  
  102  6:48  SCV  
  102  6:50  Terran Infantry Weapons Level 1  
  102  6:51  Terran Infantry Armor Level 1  
  102  6:53  Marine  
  105  6:56  SCV  
  105  6:58  Supply Depot  
  105  7:00  SCV  
  107  7:02  SCV, Refinery x2  
  107  7:06  Viking  
  107  7:08  SCV, Viking  
  112  7:12  SCV  
  112  7:15  Marine, SCV, Supply Depot  
  115  7:20  Siege Tank  
  118  7:23  SCV, Supply Depot  
  118  7:27  Sensor Tower  
  118  7:28  Marine x4  
  118  7:29  Supply Depot  
  123  7:30  SCV  
  123  7:35  SCV  
  125  7:38  Viking  
  125  7:39  Supply Depot x2  
  125  7:41  Viking  
  125  7:42  SCV x2  
  125  7:43  Marine  
  132  7:48  SCV  
  132  7:49  Marine x4  
  137  7:53  Siege Tank  
  137  7:54  SCV  
  141  8:00  Command Center  
  141  8:04  Marine  
  142  8:08  Armory  
  142  8:09  Viking  
  142  8:11  Viking  
  142  8:12  Combat Shield  
  143  8:14  Marine x3  
  146  8:23  Factory  
  146  8:24  Barracks  
  146  8:25  Siege Tank, Barracks  
  146  8:27  Marine x2  
  149  8:32  Marine  
  149  8:33  Marine, Supply Depot  
  153  8:38  Marine  
  153  8:39  Medivac  
  156  8:41  Medivac  
  156  8:43  Supply Depot  
  156  8:44  Marine  
  156  8:45  Marine, Supply Depot  
  160  8:49  Missile Turret  
  160  8:50  Marine  
  160  8:52  Marine, Missile Turret  
  160  8:55  Terran Infantry Weapons Level 2, Terran Infantry Armor Level 2  
  162  8:56  Marine  
  162  9:01  SCV x3  
  166  9:06  Marine x2  
  166  9:08  Factory Tech Lab  
  168  9:10  Viking  
  168  9:12  Viking  
  168  9:13  SCV x2  
  168  9:16  SCV, Terran Vehicle Weapons Level 1, Sensor Tower  
  175  9:19  Marine x2  
  175  9:20  Barracks Reactor  
  175  9:21  Barracks Reactor  
  175  9:23  Marine  
  178  9:24  Marine  
  178  9:25  SCV x2  
  178  9:28  SCV  
  178  9:30  Siege Tank  
  185  9:33  Siege Tank  
  188  9:38  Marine x2  
  188  9:39  Marine  
  188  9:41  Planetary Fortress  
  188  9:44  SCV x3  
  188  9:45  Marine, Missile Turret  
  193  9:46  Marine  
  193  9:51  Viking  
  197  9:53  Viking  
  197  9:56  SCV  
  200  10:00  Refinery  
  200  10:02  Refinery, Command Center  
  200  10:12  Starport  
  200  10:13  Starport  
  200  10:20  Command Center  
  200  10:29  Command Center  
  198  10:46  Marine  
  198  10:49  Marine  
  200  10:52  Starport Tech Lab x2  
  200  10:56  Starport  
  199  10:57  Starport, Marine  
  196  11:05  Starport, Command Center x2  
  196  11:07  Starport  
  196  11:13  Raven x2, Corvid Reactor  
  200  11:23  Terran Infantry Armor Level 3, Terran Infantry Weapons Level 3  
  199  11:29  Command Center  
  199  11:30  Marine  
  199  11:31  Command Center  
  199  11:50  Starport Tech Lab  
  199  11:51  Marine, Starport Tech Lab  
  199  11:52  Marine  
  199  11:58  Raven, Marine x2  
  198  12:03  Planetary Fortress  
  198  12:04  Marine  
  198  12:08  Armory, Marine  
  198  12:10  Missile Turret  
  198  12:12  Marine  
  199  12:26  Siege Tank  
  199  12:27  Marine x2  
  200  12:32  Marine  
  200  12:40  Marine  
  200  12:45  Planetary Fortress  
  200  12:50  Marine  
  198  13:04  Marine x2  
  198  13:05  Siege Tank  
  195  13:06  Viking  
  195  13:12  Marine x2  
  193  13:13  Siege Tank  
  193  13:17  Marine x3  
  193  13:21  Marine  
  193  13:24  Marine x2  
  193  13:25  Planetary Fortress  
  184  13:29  Barracks  
  184  13:30  Barracks  
  184  13:31  Barracks x2  
  121  14:35  Supply Depot x3  
  121  14:36  Supply Depot  
  121  14:37  Barracks  
  116  14:38  Factory Tech Lab  
  116  14:39  Barracks  
  116  14:42  Barracks  
  115  14:45  Factory Tech Lab  
  115  14:47  Supply Depot  
  115  14:57  SCV x2  
  115  14:59  Sensor Tower  
  117  15:09  SCV  
  118  15:23  SCV x2  
  118  15:28  Marine x3  
  108  15:35  Barracks  
  105  15:36  SCV x2, Barracks  
  105  15:40  Siege Tank  
  105  15:42  Supply Depot  
  108  15:43  Supply Depot  
  108  15:45  Marine x2  
  108  15:46  Marine  
  108  15:48  SCV x2  
  107  16:00  SCV x2  
  107  16:03  Marine x2  
  109  16:04  Marine  
  99  16:12  Siege Tank, SCV x2  
  96  16:21  Marine x2  
  96  16:22  Marine x2  
  90  16:27  SCV, Marine  
  88  16:39  SCV, Marine x2  
  86  16:40  Marine x2  
  86  16:42  Marine  
  86  16:43  Starport  
  86  16:44  Starport, Siege Tank  
  86  16:45  Marine  
  93  16:48  Missile Turret  
  93  16:57  Marine x3  
  93  16:58  Marine  
  95  17:03  Marine  
  95  17:14  Marine  
  95  17:15  Marine x3  
  84  17:16  Siege Tank  
  84  17:21  Marine  
  90  17:25  Medivac x2  
  93  17:32  Marine  
  96  17:48  Siege Tank  
  98  17:55  Medivac x2  
  101  18:02  Command Center  
  101  18:03  Barracks x3  
  101  18:05  Barracks x2  
  80  18:20  Siege Tank  
  80  18:25  Medivac x2  
  76  19:03  Command Center  
Tags
 
Add a new tag
Caveats
  • Supply blocks, unpowered buildings, or Contaminate may cause inaccurate times.
  • Supply counts are checked every 10 seconds.